 Dungeon Crawl Stone Soup version 0.26.1-11-gd32895ea62 (webtiles) character file.

Game seed: 10942339280627975293

2005 MajorAdolf the Sneak (level 9, -3/78 HPs)
             Began as a Naga Wanderer on June 16, 2021.
             Was an Initiate of Gozag.
             Splashed by a jelly's acid (9 damage)
             ... on level 6 of the Dungeon.
             The game lasted 00:30:17 (10152 turns).

MajorAdolf the Sneak (Naga Wanderer)               Turns: 10152, Time: 00:30:17

Health: -3/78      AC: -7    Str: 16    XL:     9   Next: 22%
Magic:  4/14       EV: 10    Int: 14    God:    Gozag
Gold:   367        SH:  0    Dex: 11    Spells: 5/14 levels left

rFire    . . .     SeeInvis +   a - +3 short sword (flame)
rCold    . . .     Faith    .   (no shield)
rNeg     . . .     Spirit   .   e - +0 robe
rPois    +         Reflect  .   (no helmet)
rElec    .         Harm     .   (no cloak)
rCorr    .         Rampage  .   (no gloves)
Will     +....                  (no barding)
Stlth    +++.......             u - amulet of magic regeneration
HPRegen  0.23/turn              (no ring)
MPRegen  0.39/turn              (no ring)

@: corroded, very slightly contaminated, very slow
A: large, see invisible, deformed body, poison resistance, slowness 2, spit
poison 1, AC +3
a: Spit Poison, Renounce Religion, Potion Petition, Call Merchant, Bribe Branch


You were on level 6 of the Dungeon.
You worshipped Gozag.
Gozag was aware of your devotion.
You visited 2 branches of the dungeon, and saw 7 of its levels.

You collected 479 gold pieces.
You paid 112 gold pieces to Gozag.

Inventory:

Hand Weapons
 a - a +3 short sword of flaming (weapon)
 c - a +0 hand crossbow
 n - a +0 hand axe
Missiles
 d - 49 bolts
Armour
 e - a +0 robe (worn)
 l - a +1 kite shield
 p - a +2 ring mail of willpower
 s - a +0 helmet
 v - a +1 ring mail of fire resistance
 x - a +2 ring mail of willpower
Magical Staves
 A - an uncursed staff of earth
Jewellery
 u - an amulet of magic regeneration (around neck)
 C - an uncursed amulet of the acrobat {unknown}
Wands
 q - a wand of iceblast (8)
 t - a wand of flame (13)
Scrolls
 b - a scroll of fog {unknown}
 f - 4 scrolls of identify
 h - a scroll of enchant weapon
 i - 2 scrolls of random uselessness
 w - a scroll of amnesia {unknown}
 y - a scroll of enchant armour
 B - a scroll of acquirement {unknown}
Potions
 g - a potion of lignification {unknown}
 j - a potion of attraction {unknown}
 k - a potion of degeneration {unknown}
 m - 2 potions of haste {unknown}
 o - a potion of mutation {unknown}
 r - a potion of curing {unknown}
 z - a potion of ambrosia {unknown}


   Skills:
 + Level 4.1 Fighting
 + Level 3.6 Axes
 - Level 1.7 Crossbows
 - Level 1.1 Armour
 + Level 2.9 Dodging
 + Level 6.5 Stealth
 + Level 2.8 Shields
 + Level 3.3 Spellcasting
 + Level 2.7 Conjurations
 + Level 3.3 Air Magic
 + Level 5.6 Poison Magic
 + Level 3.4 Evocations


You had 5 spell levels left.
You knew the following spells:

 Your Spells              Type           Power        Failure   Level
a - Sting                 Tmut/Pois      40%          7%          1
b - Poisonous Vapours     Pois/Air       28%          4%          2
c - Mephitic Cloud        Conj/Pois/Air  13%          13%         3
d - Ignite Poison         Fire/Tmut/Pois 7%           28%         3

Your spell library contained the following spells:

 Spells                   Type           Power        Failure   Level
 Animate Skeleton         Necr           4%           21%         1
 Apportation              Tloc           4%           21%         1
 Corona                   Hex            2%           21%         1
 Summon Small Mammal      Summ           8%           21%         1
 Olgreb's Toxic Radiance  Pois           18%          21%         4


Dungeon Overview and Level Annotations

Branches:
Dungeon (6/15)             Temple (1/1) D:5

Altars:
Cheibriados
Dithmenos
Elyvilon
Fedhas
Gozag
Hepliaklqana
Makhleb
Nemelex Xobeh
Okawaru
Qazlal
Ru
Sif Muna
Trog
Uskayaw
Vehumet
Wu Jian
Xom
Yredelemnul
Zin
The Shining One

Annotations:
D:2 exclusion: adder
D:4 exclusion: downstairs
D:6 1 runed translucent door


Innate Abilities, Weirdness & Mutations

You cannot wear boots.
Your serpentine skin is tough. (AC +3)
You have supernaturally acute eyesight. (SInv)
Armour fits poorly on your strangely shaped body.
Your system is resistant to poisons. (rPois)
You cover ground very slowly.
You can spit poison.


Message History

The stinking cloud engulfs you but does no damage.
The jelly hits you.
You are splashed with acid!
* * * LOW HITPOINT WARNING * * *
The jelly closely misses you.
Casting: Mephitic Cloud (dangerous; 13% risk of failure)
Confirm with . or Enter, or press ? or * to list all spells.
You don't have enough magic to cast that spell.
Unknown command.
The phantom blinks!
Okay, then.
Okay, then.
The jelly hits you.
* * * LOW HITPOINT WARNING * * *
You are splashed with acid!
* * * LOW HITPOINT WARNING * * *
The jelly hits you.
* * * LOW HITPOINT WARNING * * *
The acid corrodes you!
You are splashed with acid!
You die...
Your body crumbles into a pile of gold.

#.##..#.####...)......#.#.#
.........>....###.###.#.#.#
#.#...#.#.##..# #.# #.#.#.#
..#...#.#.#...###+###.#.#.#
###...#.#.#...###_+.....#.###
#...#.#.....###+###.......#
###...#.####..# #.# #.#####)###
......#.......###.###.......).#
####. ######....@J....#####.#.#
...# ###'#######.#......#.#
#..# #....# #.#.###..#.# .#
#....# #.#.######.# # #....#
#.#.#......# #....#
#.#.#.###### ###.## #.#.#.#
#.#######.#.#.#
#...........#.######


You could see a jelly.

Vanquished Creatures
  Sigmund (D:5)
  Menkaure (D:5)
  Edmund (D:5)
  A water moccasin (D:6)
  Duvessa (D:5)
  2 ogres (D:5)
  5 big kobolds
  2 bullfrogs (D:6)
  Dowan (D:5)
  A scorpion (D:5)
  A howler monkey (D:3)
  2 hounds
  2 orc priests
  A jelly (D:5)
  A centaur skeleton (D:4)
  An iguana (D:6)
  A bullfrog skeleton (D:5)
  3 worker ants
  An orc wizard (D:4)
  Robin (D:4)
  2 worker ant zombies
  3 gnolls (D:4)
  A howler monkey skeleton (D:5)
  2 adders (D:3)
  A white imp (D:5)
  An adder zombie (D:6)
  An adder skeleton (D:4)
  2 worms (D:5)
  5 dart slugs
  8 leopard geckos
  15 orcs
  9 bats
  4 giant cockroaches
  16 goblins
  8 hobgoblins
  4 jackals
  50 kobolds
  3 quokkas
  3 rats
168 creatures vanquished.

Notes
Turn   | Place    | Note
-------+----------+-------------------------------------------
     0 | D:1      | MajorAdolf the Naga Wanderer began the quest for the Orb.
     0 | D:1      | MajorAdolf set off with the following items: a +0 mace, a
                  | +0 hand crossbow, 28 bolts, a +0 robe, a +0 dagger; and the
                  | following spell memorised: Sting; and the following spells
                  | available to memorise: Poisonous Vapours, Ignite Poison,
                  | Mephitic Cloud, Olgreb's Toxic Radiance
     0 | D:1      | Reached XP level 1. HP: 19/19 MP: 2/2
   381 | D:1      | Reached XP level 2. HP: 18/26 MP: 3/3
  1008 | D:1      | Learned a level 2 spell: Poisonous Vapours
  1800 | D:2      | Reached XP level 3. HP: 32/32 MP: 4/4
  3520 | D:3      | Reached XP level 4. HP: 40/40 MP: 5/5
  3604 | D:3      | Found a shadowy altar of Dithmenos.
  4012 | D:3      | Reached skill level 1 in Dodging
  4196 | D:3      | Reached skill level 1 in Axes
  4422 | D:3      | Reached skill level 1 in Evocations
  4422 | D:3      | Reached XP level 5. HP: 31/46 MP: 7/7
  4540 | D:3      | Reached skill level 4 in Stealth
  4540 | D:3      | Reached skill level 1 in Air Magic
  4557 | D:3      | Reached skill level 1 in Shields
  5176 | D:4      | Reached XP level 6. HP: 27/55 MP: 8/8
  5706 | D:3      | Learned a level 3 spell: Mephitic Cloud
  5710 | D:3      | Learned a level 3 spell: Ignite Poison
  5908 | D:4      | Noticed Robin
  5924 | D:4      | Reached XP level 7. HP: 37/62 MP: 10/10
  6051 | D:4      | Killed Robin
  6788 | D:4      | Reached skill level 5 in Stealth
  7012 | D:4      | Reached skill level 1 in Conjurations
  7516 | D:5      | Entered Level 5 of the Dungeon
  7516 | D:5      | Noticed Menkaure
  7700 | D:5      | Found an ornate altar of the Wu Jian Council.
  7707 | D:5      | Found a staircase to the Ecumenical Temple.
  7724 | Temple   | Entered the Ecumenical Temple
  7969 | D:5      | Noticed Duvessa
  7979 | D:5      | Noticed Dowan
  8007 | D:5      | Killed Duvessa
  8008 | D:5      | Reached XP level 8. HP: 55/69 MP: 5/11
  8084 | D:5      | Killed Dowan
  8250 | D:5      | Noticed Sigmund
  8254 | D:5      | Killed Sigmund
  8390 | D:5      | Killed Menkaure
  8542 | D:5      | Noticed Edmund
  8556 | D:5      | Killed Edmund
  8557 | D:5      | Reached skill level 6 in Stealth
  8557 | D:5      | Reached skill level 5 in Poison Magic
  9307 | D:5      | Reached XP level 9. HP: 70/73 MP: 5/13
  9517 | D:5      | Found an iron altar of Okawaru.
  9517 | D:5      | Found a sparkling altar of Nemelex Xobeh.
  9524 | D:5      | Found a radiant altar of Vehumet.
  9526 | D:5      | Found a snail-covered altar of Cheibriados.
  9528 | D:5      | Found an opulent altar of Gozag.
  9544 | D:5      | Became a worshipper of Gozag Ym Sagoz the Greedy
  9948 | D:6      | Found a basalt altar of Yredelemnul.
 10112 | D:6      | Found a runed translucent door.
 10152 | D:6      | Splashed by a jelly's acid

Illustrated notes

Levels and vault maps discovered:
D:1:      tarquinn_simple_flora_water_a, layout_basic
D:2:      layout_basic, minmay_3d_cube
D:3:      layout_basic, nicolae_overflow_crystal_walls
D:4:      minmay_goblin_kobold_castle, layout_rooms, uniq_robin
D:5:      layout_loops_ring, chequers_temple_overflow_minitemple,
          minmay_temple_entry_drinking_statues, basic_altar,
          minmay_misc_feat_columns, minivault_23, uniq_edmund, uniq_sigmund,
          uniq_menkaure, uniq_duvessa
D:6:      layout_basic, lemuel_doored_altar, gammafunk_temple_overflow_pools,
          ebering_ghost_reflecting_pool
Temple:   nicolae_temple_figure_eight

Skill      XL: |  1  2  3  4  5  6  7  8 |
---------------+-------------------------+-----
Poison Magic   | 3 4 5 |  5.6
Dodging        | 1 2 |  2.9
Axes           | 1 2 3 |  3.6
Evocations     | 1 2 3 |  3.4
Stealth        | 4 5 6 |  6.5
Air Magic      | 1 2 3 |  3.3
Shields        | 1 2 |  2.8
Spellcasting   | 2 3 |  3.3
Fighting       | 3 4 |  4.1
Conjurations   | 1 2 |  2.7
Crossbows      | |  1.7
Armour         | |  1.1

Action                   |  1- 3 |  4- 6 |  7- 9 || total
-------------------------+-------+-------+-------++-------
Melee: Dagger            |    41 |       |       ||    41
       Mace              |     4 |       |       ||     4
       Short sword       |    21 |    42 |    63 ||   126
 Cast: Sting             |     6 |     7 |     4 ||    17
       Poisonous Vapours |     6 |    39 |   136 ||   181
       Mephitic Cloud    |       |       |    11 ||    11
       Ignite Poison     |       |       |     5 ||     5
 Abil: Spit Poison       |    31 |    17 |     6 ||    54
  Use: Scroll            |       |     7 |       ||     7
 Stab: Sleeping          |       |     1 |       ||     1
Armor: Robe              |    23 |    14 |    21 ||    58
       Ring mail         |       |       |    18 ||    18
Dodge: Dodged            |    42 |    38 |    59 ||   139
